 Dungeon Crawl Stone Soup version 0.29-a0-613-gf2c431b9b9 (webtiles) character file.

Game seed: 12158468728281661474

1283 happo123 the Ruffian (level 8, -2/74 HPs)
             Began as a Troll Transmuter on June 16, 2022.
             Was a Follower of Okawaru.
             Slain by a manticore (9 damage)
             ... on level 6 of the Dungeon.
             The game lasted 00:19:26 (3960 turns).

happo123 the Ruffian (Troll Transmuter)             Turns: 3960, Time: 00:19:27

Health: -2/74      AC:  4    Str: 19    XL:     8   Next: 29%
Magic:  10/10      EV: 14    Int: 11    God:    Okawaru [*.....]
Gold:   434        SH:  0    Dex: 10    Spells: 9/12 levels left

rFire   . . .      SeeInvis .     - Unarmed
rCold   . . .      Faith    .   (no shield)
rNeg    . . .      Spirit   .   a - +0 robe
rPois   .          Reflect  .   (helmet currently unavailable)
rElec   .          Harm     .   (no cloak)
rCorr   .          Rampage  .   (gloves unavailable)
Will    .....                   (boots unavailable)
Stlth   +.........              j - amulet of the acrobat
HPRegen 1.02/turn               t - +4 ring of evasion
MPRegen 0.12/turn               (no ring)

@: appendages (expiring), spiked
A: horns 2, talons 2, large, unfitting armour, claws 3, regeneration 1, shaggy
fur 1, tough skin 1
a: End Transformation, Renounce Religion, Heroism


You were on level 6 of the Dungeon.
You worshipped Okawaru.
Okawaru was aware of your devotion.
You had temporarily grown beastly horns and talons.
You visited 2 branches of the dungeon, and saw 7 of its levels.
You also visited: Sewer.

You collected 434 gold pieces.

Inventory:

Armour
 a - a +0 robe (worn)
Magical Staves
 k - a staff of conjuration
 m - a staff of cold
Jewellery
 j - an amulet of the acrobat (around neck)
 t - a +4 ring of evasion (left claw)
 z - an amulet of guardian spirit
Wands
 w - a wand of paralysis (17)
Scrolls
 c - 3 scrolls of summoning {unknown}
 e - 4 scrolls of teleportation {unknown}
 f - 2 scrolls of immolation {unknown}
 h - 3 scrolls of poison {unknown}
 i - a scroll of noise {unknown}
 l - 6 scrolls of identify {unknown}
 o - a scroll of fog {unknown}
 p - 3 scrolls of fear {unknown}
 q - a scroll of acquirement {unknown}
 u - a scroll of enchant weapon {unknown}
 x - a scroll of vulnerability {unknown}
 y - 2 scrolls of magic mapping {unknown}
Potions
 b - 3 potions of lignification
 d - 2 potions of haste {unknown}
 g - 3 potions of berserk rage {unknown}
 n - 4 potions of magic {unknown}
 r - a potion of cancellation {unknown}
 s - a potion of might {unknown}
 v - a potion of mutation {unknown}


   Skills:
 + Level 2.7 Fighting
 + Level 3.1 Dodging
 * Level 5.9 Unarmed Combat
 + Level 2.5 Spellcasting
 * Level 4.0 Transmutations
 + Level 2.3 Ice Magic


You had 9 spell levels left.
You knew the following spells:

 Your Spells              Type           Power      Damage    Failure   Level
a - Beastly Appendage     Tmut           20%        N/A       5%          1
b - Wereblood             Tmut           10%        N/A       8%          2

Your spell library contained the following spells:

 Spells                   Type           Power      Damage    Failure   Level
 Spider Form              Tmut/Pois      5%         N/A       34%         3
 Ice Form                 Ice/Tmut       8%         N/A       58%         4


Dungeon Overview and Level Annotations

Branches:
Dungeon (6/15)             Temple (1/1) D:5           Sewer (visited)

Altars:
Cheibriados
Dithmenos
Elyvilon
Fedhas
Gozag
Hepliaklqana
Kikubaaqudgha
Nemelex Xobeh
Okawaru
Qazlal
Ru
Trog
Uskayaw
Xom
Zin
The Shining One

Shops:
D:3 (   D:6 *


Innate Abilities, Weirdness & Mutations

You have temporarily grown beastly horns and talons.
You are too large for most types of armour.
You have claws for hands.
Your natural rate of healing is unusually fast.
You are covered in fur. (AC +1)
You have tough skin. (AC +1)


Message History

You grow a pair of large bovine horns.
Your feet morph into talons.
The manticore flicks its tail.
The volley of spikes hits you!
The barbed spikes become lodged in your body.
The barbs in your skin will harm you if you move.
Continue?
The barbed spikes dig painfully into your body as you move.
The manticore closely misses you. The manticore completely misses you. x2
You scratch the manticore but do no damage.
You claw the manticore.
The manticore is lightly wounded.
You scratch the manticore. You claw the manticore. You headbutt the manticore.
The manticore is moderately wounded.
The manticore closely misses you. The manticore claws you! x2
You scratch the manticore but do no damage.
The manticore is moderately wounded.
The manticore bites you. The manticore claws you!
The manticore claws you but does no damage.
You barely miss the manticore. Your kick misses the manticore.
Your headbutt misses the manticore.
The manticore is moderately wounded.
The manticore misses you. The manticore barely misses you.
The manticore closely misses you.
You scratch the manticore. Your headbutt misses the manticore.
The manticore is moderately wounded.
The manticore bites you. The manticore completely misses you.
The manticore closely misses you.
You scratch the manticore. You claw the manticore.
Your headbutt misses the manticore.
The manticore is heavily wounded.
Your transformation is almost over.
The manticore bites you. The manticore claws you!
* * * LOW HITPOINT WARNING * * *
The manticore closely misses you.
You claw the manticore!
You claw the manticore, but do no damage.
The manticore is severely wounded.
The manticore bites you!
* * * LOW HITPOINT WARNING * * *
The manticore claws you!
You die...

..........[.# #
............#
#.#################
#.#...........#
#.............#
#............# ..
#............# # .
#.H.........# #. #
#..@........####..##
#......<............
#..........####'# #
#..........# #
#$.........# #
#...........# #
#.......)...# #
#...........# #
#.##'#+####.####+####


You could see a manticore.

Vanquished Creatures
  Pargi (Sewer)
  A black bear (D:6)
  3 ogres
  2 centaurs (D:6)
  2 phantoms
  2 scorpions
  A hound (D:4)
  4 jellies
  An orc priest (D:4)
  2 iguanas
  3 gnolls (D:5)
  5 adders
  2 river rats (D:3)
  A shadow imp (D:6)
  A white imp (D:6)
  An ufetubus (D:4)
  A worm (D:3)
  2 dart slugs (D:2)
  7 orcs (D:4)
  9 endoplasms
  2 giant cockroaches
  2 goblins
  4 hobgoblins
  3 jackals (D:3)
  9 kobolds
  5 quokkas
  10 ball pythons
  2 bats (D:1)
  7 frilled lizards
  A rat (D:1)
96 creatures vanquished.

Notes
Turn   | Place    | Note
-------+----------+-------------------------------------------
     0 | D:1      | happo123 the Troll Transmuter began the quest for the Orb.
     0 | D:1      | Reached XP level 1. HP: 18/18 MP: 1/1
    61 | D:1      | Found a faded altar of an unknown god.
   195 | D:1      | Reached XP level 2. HP: 26/26 MP: 3/3
   256 | D:1      | Reached skill level 1 in Fighting
   934 | D:2      | Identified the +1 kite shield of the Comet {rPois}
  1164 | D:2      | Reached XP level 3. HP: 33/33 MP: 2/4
  1167 | D:2      | Learned a level 2 spell: Wereblood
  1167 | D:2      | You fall into a shaft and drop 2 floors!
  1377 | D:3      | Found Immaezxo's Weapon Shop.
  1448 | D:3      | Found a glowing drain.
  1452 | Sewer    | Entered a sewer
  1511 | Sewer    | Reached XP level 4. HP: 36/41 MP: 3/5
  1523 | Sewer    | Noticed Pargi
  1533 | Sewer    | Killed Pargi
  1534 | Sewer    | Reached skill level 1 in Ice Magic
  1534 | Sewer    | Reached XP level 5. HP: 25/48 MP: 3/6
  1589 | Sewer    | Reached skill level 4 in Unarmed Combat
  2220 | D:3      | Found a hazy altar of Hepliaklqana.
  2403 | D:4      | Noticed an ogre
  2412 | D:4      | Killed an ogre
  2413 | D:4      | Reached XP level 6. HP: 57/57 MP: 5/7
  2853 | D:4      | Reached XP level 7. HP: 62/65 MP: 9/9
  2971 | D:4      | Reached skill level 5 in Unarmed Combat
  3010 | D:5      | Entered Level 5 of the Dungeon
  3012 | D:5      | Found a staircase to the Ecumenical Temple.
  3043 | Temple   | Entered the Ecumenical Temple
  3134 | Temple   | Became a worshipper of Warmaster Okawaru
  3451 | D:5      | Identified the +3 chain mail "Usianaqa" {Harm +Inv rF-
                  | rC+++}
  3643 | D:6      | Reached XP level 8. HP: 66/74 MP: 10/10
  3643 | D:6      | Found a white marble altar of Elyvilon.
  3643 | D:6      | Found a bloodstained altar of Trog.
  3647 | D:6      | Found a glowing golden altar of the Shining One.
  3647 | D:6      | Found a glowing silver altar of Zin.
  3736 | D:6      | Reached * piety under Okawaru
  3748 | D:6      | Found an opulent altar of Gozag.
  3748 | D:6      | Found Gozag's Platinum Reserve.
  3948 | D:6      | Noticed a manticore
  3960 | D:6      | Slain by a manticore

Illustrated notes

Levels and vault maps discovered:
D:1:      amcnicky_arrival_underground_garden, layout_basic,
          shapermc_ecumenical_altar_hornbeckon, kennysheep_another_room
D:2:      layout_loops_ring, hangedman_decor_riveting
D:3:      layout_basic, nzn_hepliaklqana_mist_gate, gup_sewer_entry_bowl,
          serial_shops, nicolae_diamond_shop
D:4:      layout_loops_ring
D:5:      layout_basic, minmay_temple_entry_wispy
D:6:      layout_basic, grunt_temple_overflow_open,
          nicolae_gozag_zags_fifth_avenue, minmay_crystal_water,
          grunt_tough_drop
Temple:   eino_temple_lava

Skill      XL: |  1  2  3  4  5  6  7  8 |
---------------+-------------------------+-----
Fighting       | 1 2 |  2.7
Dodging        | 2 3 |  3.1
Transmutations | 2 3 4 |  4.0
Ice Magic      | 1 2 |  2.3
Unarmed Combat | 4 5 |  5.9
Spellcasting   | 2 |  2.5

Action                   |  1- 3 |  4- 6 |  7- 9 || total
-------------------------+-------+-------+-------++-------
Melee: Unarmed           |   113 |   106 |    78 ||   297
       Punch             |     3 |       |     4 ||     7
       Kick              |     6 |    15 |    19 ||    40
       Headbutt          |     3 |     3 |     9 ||    15
 Cast: Beastly Appendage |    10 |    13 |    13 ||    36
       Wereblood         |       |     2 |     2 ||     4
Armor: Robe              |    26 |    23 |    13 ||    62
Dodge: Dodged            |    63 |    57 |    57 ||   177

Table legend: (Time is in decaauts)
 A = Elapsed time spent in this place.
 B = Non-inter-level travel time spent in this place.
 C = Inter-level travel time spent in this place.
 D = Time resting spent in this place.
 E = Time spent auto-exploring this place.
 F = Levels seen in this place.
 G = Mean time per level.
                   A        B        C        D        E       F      G
               +--------+--------+--------+--------+--------+-----+--------+
         Total |   3987 |   3286 |    701 |      0 |   2391 |   8 |  498.4 |
       Dungeon |   3660 |   2991 |    669 |      0 |   2254 |   6 |  610.0 |
        Temple |    100 |     68 |     32 |      0 |     63 |   1 |  100.0 |
         Sewer |    226 |    226 |      0 |      0 |     74 |   1 |  226.0 |
               +--------+--------+--------+--------+--------+-----+--------+

Top non-repeatable levels by time:
     D:1: 889 daAuts
     D:4: 742 daAuts
     D:2: 700 daAuts
     D:3: 487 daAuts
     D:5: 461 daAuts
     D:6: 379 daAuts
   Sewer: 226 daAuts
  Temple: 100 daAuts
